[Event "1st Bangalore GM-Open-A 2024"]
[Site "Bangalore"]
[Date "2024.01.19"]
[Round "3.16"]
[White "Sahoo, Utkal Ranjan"]
[Black "Ghosh, Diptayan"]
[Result "1/2-1/2"]
[ECO "E26"]
[WhiteElo "2316"]
[BlackElo "2568"]
[Annotator "TA"]
[PlyCount "42"]
[EventDate "2024.01.20"]
[EventType "swiss"]
[EventCountry "IND"]
[SourceTitle "playchess.com"]
[Source "ChessBase"]
[SourceQuality "1"]
[TimeControl "5400+30"]

1. d4 Nf6 2. c4 e6 3. Nc3 Bb4 4. a3 Bxc3+ 5. bxc3 c5 6. e3 b6 7. Bd3 Bb7 8. f3 Nc6 9. Ne2 {[%emt 0:00:08] E26: Nimzo-Indian: Sämisch: 5...c5 6 e3.} d6 10. e4 e5 ({Better is} 10... Na5 $11) 11. d5 $14 {[%emt 0:01:17] [#] White is slightly better.} Ne7 $146 ({Predecessor:} 11... Na5 12. Ng3 Bc8 13. Ra2 Qe7 14. O-O Bd7 15. Rb2 O-O-O 16. h3 Ne8 17. Nf5 Bxf5 18. exf5 {½-½ Pavlidou,E (2088)-Akin,T (1683) NATO-ch 33rd 2023 (7)}) 12. O-O Ng6 13. Be3 Bc8 14. Qd2 h6 15. Ng3 {[%emt 0:03:00] White is more active.} Bd7 16. a4 a5 (16... O-O $142) 17. Ra2 (17. Nf5 $142) 17... Qc7 18. Rb1 Ra6 19. Rf1 Ra8 20. Rb1 Ra6 $1 21. Rf1 Ra8 $1 {[%emt 0:00:36] Weighted Error Value: White=0.24 (precise) /Black=0.18 (very precise)} 1/2-1/2

[Event "1st Bangalore GM-Open-A 2024"]
[Site "Bangalore"]
[Date "2024.01.19"]
[Round "3.17"]
[White "Lalit Babu M R"]
[Black "Karthikeyan, P.."]
[Result "0-1"]
[ECO "A13"]
[WhiteElo "2525"]
[BlackElo "2287"]
[Annotator "TA"]
[PlyCount "73"]
[EventDate "2024.01.20"]
[EventType "swiss"]
[EventCountry "IND"]
[SourceTitle "playchess.com"]
[Source "ChessBase"]
[SourceQuality "1"]
[TimeControl "5400+30"]

1. Nf3 Nf6 2. c4 e6 3. g3 d5 4. Bg2 d4 5. e3 c5 6. exd4 cxd4 7. O-O Nc6 8. d3 Be7 {[%emt 0:03:43] A13: English Opening: 1...e6.} 9. Re1 O-O 10. Na3 Ne8 {[%emt 0:02:50] [#] White has an edge. has lost popularity (10...Nd7).} 11. Bd2 $146 ({Predecessor:} 11. Nc2 f6 12. b4 Bxb4 13. Nxb4 Nxb4 14. Qb3 Nc6 15. Ba3 Rf7 16. c5 Qa5 17. Rad1 {0-1 Ding,L (2777)-Korobov,A (2652) Huaian IMSA Basque 2nd rapid 2017 (5.1)}) 11... Nc7 12. Rc1 f6 13. Nb5 e5 14. Nxc7 Qxc7 15. Nh4 {[%emt 0:00:07] Threatens to win with Bd5+.} g5 16. Bd5+ (16. Be4 $5) 16... Kh8 17. Ng2 Bf5 18. Qe2 Rae8 19. h4 Nb4 20. Be4 Bxe4 21. dxe4 Nxa2 {[%emt 0:02:37] Black is more active.} 22. Ra1 Nb4 23. Rxa7 {[%emt 0:00:09] [#]} (23. hxg5 $17 fxg5 24. Bxb4 Bxb4 25. Rf1) 23... Na6 $1 $19 24. c5 Qb8 ({Inferior is} 24... Nxc5 25. Qb5 $17) ({Better is} 24... Bxc5 $19 25. Rxa6 (25. Qxa6 $2 Bxa7 26. Qd3 Qe7 $19) 25... bxa6 26. Qxa6 Rb8) 25. Rxa6 $17 bxa6 26. b4 Qb5 27. Kf1 (27. Qg4 {keeps fighting.}) 27... Qxe2+ 28. Kxe2 f5 29. hxg5 $2 (29. exf5 gxh4 30. Nxh4) 29... fxe4 $19 {[%emt 0:00:44][%cal Oa6a5] ...a5! would be deadly.} 30. Rh1 {[%emt 0:00:12] [#]} e3 $2 31. fxe3 Bxg5 {[%emt 0:00:40][%cal Od4d3] Strongly threatening ...d3+!} 32. Nh4 Re6 {[%emt 0:04:23] Repels Ng6+} (32... Kg8 $19 33. Rd1 Rd8 34. exd4 Bxh4 35. gxh4 Rxd4) 33. Rc1 $2 {[%emt 0:00:59][%mdl 8192] White does not recover from this.} (33. Rh2 $17) 33... Ref6 34. Kd3 Rf2 35. Rh1 {[%emt 0:00:55] [#]} e4+ $1 36. Kxe4 {[%emt 0:00:41] Ng6+ is the strong threat.} Bxh4 ({Stronger than} 36... Rxd2 37. Ng6+ Kg8 38. Nxf8 Kxf8 39. exd4 $11) 37. Kxd4 {[%emt 0:00:14] Weighted Error Value: White=0.51/Black=0.28 (precise)} 0-1

[Event "1st Bangalore GM-Open-A 2024"]
[Site "Bangalore"]
[Date "2024.01.19"]
[Round "3.18"]
[White "Apoorv Kamble"]
[Black "Fawzy, Adham"]
[Result "1/2-1/2"]
[ECO "B33"]
[WhiteElo "2308"]
[BlackElo "2522"]
[Annotator "TA"]
[PlyCount "129"]
[EventDate "2024.01.20"]
[EventType "swiss"]
[EventCountry "IND"]
[SourceTitle "playchess.com"]
[Source "ChessBase"]
[SourceQuality "1"]
[TimeControl "5400+30"]

1. e4 c5 2. Nf3 Nc6 3. d4 cxd4 4. Nxd4 e5 5. Nb5 d6 6. Bc4 a6 7. N5c3 Nf6 8. Bg5 Be7 9. a4 Be6 10. Na3 Rc8 11. Bxf6 Bxf6 12. O-O O-O 13. Bd5 Rc7 {[%emt 0:06:38] B33: Sicilian: Pelikan and Sveshnikov Variations.} 14. Nc4 Nd4 15. Ne3 Bg5 {[%emt 0:02:43] [#]} 16. Qd3 $146 ({Predecessor:} 16. Re1 g6 17. Qd3 Kh8 18. Rad1 Bh6 19. Nf1 Bg4 20. f3 Be6 21. Ng3 Qg5 22. Kh1 {0-1 Sarakauskiene,Z (2188)-Harika,D (2461) WMSG Rapid Pair 1st 2008 (4)}) 16... Rc5 17. Kh1 (17. Nf5 {keeps more tension.} Qb6 18. a5 Qc7 19. Rfd1) 17... Qc8 18. Ra3 g6 19. Ba2 Bxa2 20. Rxa2 f5 21. Ned5 fxe4 {[%emt 0:02:36][%mdl 64] [#] Remove Defender, Deflection} 22. Nxe4 Rxd5 23. Nxg5 (23. b4 $1 $11 {keeps the balance.}) 23... Qxc2 $17 24. Qh3 Qc7 {[%emt 0:01:21][%cal Of8f2] White must now prevent ...Rxf2!} (24... Rxf2 $2 25. Qxh7+ Kf8 26. Raa1 $18) 25. b4 a5 26. b5 (26. Ne6 $17 Nxe6 27. Qxe6+ Qf7 28. Qxf7+ Kxf7 29. bxa5) 26... Rc5 $19 27. Raa1 Qe7 28. Ne4 Rc2 29. Qa3 Qh4 30. Nxd6 (30. Ng3 $17 {was necessary.}) 30... Rfxf2 ({Stronger than} 30... Rcxf2 31. Rxf2 Qxf2 32. Qd3 $17) 31. Rxf2 Qxf2 $40 {[%emt 0:01:13][%csl Gc2][%cal Rf2g2][%mdl 128] Black wants a kill.} (31... Rxf2 32. Qc5 $11) 32. Qg3 Qxg3 33. hxg3 {[%emt 0:00:04][%mdl 4096] Endgame KRN-KRN} b6 34. Re1 Ne2 35. Kh2 {[%emt 0:00:06] [#]} (35. Ne4 $142) 35... Kf8 $1 36. Ne4 Ke7 {[%emt 0:00:26] Against Nf6} 37. Nf2 Ke6 38. Ng4 Ra2 39. Ne3 Nd4 {[%emt 0:00:19] ...Nf3+ is the strong threat.} 40. Kh3 Re2 $2 ({Black should play} 40... Rxa4 $19 41. Ng4 Ra2 42. Rxe5+ Kd6) 41. Rxe2 $11 Nxe2 {[%emt 0:00:01] KN-KN} 42. Nc4 e4 43. Kh2 Nc3 44. Nxb6 Kd6 {[%emt 0:01:22][%cal Oc3b5] aiming for ...Nxb5!} 45. Nc4+ (45. Kg1 $1 $11 {was the only way to keep the balance.}) 45... Kc5 $17 46. b6 {[%emt 0:01:55] Threatens to win with b7.} Kc6 (46... Kxc4 $2 47. b7 $18) 47. Nxa5+ Kxb6 48. Nc4+ Kc5 49. Nd2 (49. Nb2 $17) 49... e3 $19 ({Not} 49... Nxa4 50. Nxe4+ Kd4 51. Nf6 $11) 50. Nf3 Nxa4 51. Kg1 Kd5 {[%emt 0:00:53] ...Nc5 would be deadly.} 52. Kf1 Nc3 53. Ke1 Ke4 $2 (53... h5 $19 {and Black stays clearly on top.} 54. Nh4 Ke4 55. Nxg6 Nd5) 54. Ng5+ $17 Kd3 55. Nxh7 Nd5 (55... Ne2 $17 {[%cal Oe2d4] ( -> ...Nd4!)} 56. Ng5 Nxg3) 56. Ng5 $11 {[%emt 0:00:08] The position is equal.} Nb4 57. Nf3 Nc2+ 58. Kf1 g5 59. g4 Ke4 60. Nxg5+ Kf4 61. Nf3 Kxg4 62. Ke2 Kg3 63. Nd4 {[%emt 0:00:31][%mdl 64] Deflection} Nxd4+ 64. Kxe3 Kxg2 65. Ke4 {[%emt 0:00:14] Black had all chances to win.   Weighted Error Value: White=0.36/Black=0.29 (precise)} 1/2-1/2

[Event "1st Bangalore GM-Open-A 2024"]
[Site "Bangalore"]
[Date "2024.01.19"]
[Round "3.19"]
[White "Iniyan, Pa"]
[Black "Luong Phuong Hanh"]
[Result "1-0"]
[ECO "D85"]
[WhiteElo "2515"]
[BlackElo "2102"]
[Annotator "TA"]
[PlyCount "67"]
[EventDate "2024.01.20"]
[EventType "swiss"]
[EventCountry "IND"]
[SourceTitle "playchess.com"]
[Source "ChessBase"]
[SourceQuality "1"]
[TimeControl "5400+30"]

1. d4 Nf6 2. c4 g6 3. Nc3 d5 4. cxd5 Nxd5 5. e4 Nxc3 6. bxc3 Bg7 7. Nf3 O-O 8. Be2 c5 9. O-O Nc6 10. Be3 cxd4 11. cxd4 Bg4 12. d5 Ne5 13. Nxe5 {[%emt 0:04:59][%mdl 64] [#] Discovered Attack. D85: Exchange Grünfeld: Unusual White 7th moves and lines with 7 Nf3.} Bxe2 14. Qxe2 Bxe5 15. Rab1 {[%emt 0:00:11] White is slightly better.} b6 16. f4 Bg7 17. Qb5 Rc8 18. Rfc1 Qd6 {[%emt 0:00:38] [#]} 19. Qa4 $146 (19. e5 $5 Qa3 20. Qb3 Qxb3 21. axb3 $14 (21. Rxb3 Rxc1+ 22. Bxc1 Rd8 $11)) ({Predecessor:} 19. Qb3 e6 20. dxe6 Qxe6 21. Qxe6 fxe6 22. Rxc8 Rxc8 23. Rd1 Rc7 24. Kf2 Kf7 25. g4 Bf8 26. Rc1 Rxc1 {½-½ Becker,J-Englund,H SWE-ch40 corr 1980}) 19... e6 (19... Bh6 $11) 20. Qxa7 exd5 21. e5 (21. Rxb6 $2 Rxc1+ 22. Kf2 Rc2+ 23. Kg3 Qd8 $19) 21... Qe6 22. Qxb6 {[%emt 0:02:29] White has more active pieces.} (22. Bxb6 Ra8 23. Qb7 Rfb8 $11) (22. Rxb6 Rxc1+ 23. Bxc1 Qc8 $14) 22... Qf5 {[%emt 0:00:15] Black is weak on the dark squares} ({Black should play} 22... Rxc1+ $14 23. Rxc1 g5) 23. Qd4 $16 Rfd8 (23... g5 $16) 24. a4 $18 Bf8 {[%emt 0:03:20][%cal Oc8c4] [#]} 25. Ra1 $1 Rb8 26. a5 {[%emt 0:02:29] a6 would be deadly.} Rb4 27. Qd2 {[%emt 0:00:40] Black must now prevent a6.} d4 28. a6 {[%emt 0:00:10] Hoping for a7.} Rb3 $2 (28... Rbb8 {was necessary.}) 29. Bf2 (29. Bxd4 Rd3 30. Qc2 R3xd4 31. Qxf5 gxf5 $11) 29... Bb4 (29... Ra8 $142 30. a7 (30. Bxd4 Ba3 $18) (30. Qxd4 Ra3 $18) 30... d3) 30. Qd1 {[%emt 0:00:18] White is clearly winning.} Rb2 31. a7 ({Weaker is} 31. Bxd4 Rd2 32. Qf3 R2xd4 $14) 31... Qxf4 32. Rc2 (32. a8=R $2 {leads to mate.} Qxf2+ 33. Kh1 Qxg2#) 32... Rxc2 33. Qxc2 d3 34. a8=Q {[%emt 0:00:53] Weighted Error Value: White=0.11 (very precise) /Black=0.45} (34. a8=R $2 {perishes.} dxc2 35. Rxd8+ Kg7 $19) 1-0

[Event "1st Bangalore GM-Open-A 2024"]
[Site "Bangalore"]
[Date "2024.01.19"]
[Round "3.20"]
[White "Saravana, Krishnan P."]
[Black "Das, Sayantan"]
[Result "1/2-1/2"]
[ECO "B12"]
[WhiteElo "2269"]
[BlackElo "2514"]
[Annotator "TA"]
[PlyCount "96"]
[EventDate "2024.01.20"]
[EventType "swiss"]
[EventCountry "IND"]
[SourceTitle "playchess.com"]
[Source "ChessBase"]
[SourceQuality "1"]
[TimeControl "5400+30"]

1. e4 c6 2. d4 d5 3. e5 Bf5 4. Nd2 e6 5. Nb3 a6 6. Be3 {[%emt 0:01:51] B12: Caro-Kann: Advance Variation.} Nd7 7. Nf3 Qc7 8. Be2 c5 9. dxc5 Bxc5 10. Nxc5 Nxc5 11. Nd4 {[%emt 0:00:12] Black must now prevent Nxf5.} Ne7 12. O-O O-O 13. f4 {[%emt 0:05:25] [#]} Na4 $146 ({Predecessor:} 13... Be4 14. g4 b5 15. Qe1 Na4 16. Rb1 Nc6 17. b3 Nb6 18. Rc1 Nd7 19. c3 Rac8 {0-1 Shuvalova,P (2489)-Keymer,V (2591) Juniors Speed Qual Europe blitz 2021 (1.2)}) 14. Rb1 Be4 15. Bd3 b5 16. Bf2 Rac8 17. Qe2 Nc5 18. Ra1 Nf5 19. Rfe1 Nxd4 20. Bxd4 b4 21. Qe3 a5 22. Rac1 Qe7 23. Bb5 ({White should play} 23. Bf1 $14) 23... f5 ({Better is} 23... Bg6 $11) 24. exf6 $14 gxf6 25. Bd3 {[%emt 0:04:15] A strong pair of Bishops.} (25. c3 $5 ) 25... Qg7 {[%emt 0:02:26][%csl Ge4][%cal Rg7g2] [#]} 26. Qh3 (26. Bxc5 $2 Qxg2#) (26. Bf1 {is more complex.} Nd7 27. c4 e5 28. cxd5 Bxd5 29. fxe5 fxe5 30. Rxc8 Rxc8 31. Bxe5 Nxe5 32. Qxe5 Qxe5 33. Rxe5 Bxa2 34. Rxa5 Bc4 35. Re5) 26... Nxd3 27. cxd3 Bf5 28. Qe3 Qg6 29. Rxc8 (29. Bb6 $5 ) 29... Rxc8 30. Rc1 Rxc1+ 31. Qxc1 $11 {[%emt 0:00:17][%mdl 4096] Endgame KQB-KQB} Qf7 32. Qe3 Kg7 33. Kf2 Qh5 34. h3 {[%emt 0:00:58] [#] g4 is the strong threat.} Qh4+ (34... Qd1 $11 {remains equal.}) 35. Kg1 (35. Ke2 {feels hotter.} Bg6 36. b3 Be8 37. g4) 35... Kf7 36. Kh2 Qh6 37. Qf3 Bg6 (37... Qg6 $2 38. g4 $18) 38. g4 Qh4 39. Bf2 Qh6 40. f5 (40. Qe3 $16 {[%cal Of4f5] Hoping for f5!} Qf8 41. Qa7+ Kg8 42. Bc5) 40... exf5 $14 41. gxf5 Bh5 {[%emt 0:00:05] The position is equal.} 42. Qxd5+ Kg7 43. Qd7+ Bf7 44. a3 Qf4+ 45. Kg2 Qg5+ 46. Kh2 Qf4+ 47. Kg2 Qg5+ 48. Kh2 Qf4+ {[%emt 0:00:33] Weighted Error Value: White=0.10 (very precise) /Black=0.11 (very precise)} 1/2-1/2

[Event "1st Bangalore GM-Open-A 2024"]
[Site "Bangalore"]
[Date "2024.01.19"]
[Round "3.21"]
[White "Chanda, Sandipan"]
[Black "Saurabh Anand"]
[Result "1-0"]
[ECO "D11"]
[WhiteElo "2486"]
[BlackElo "2243"]
[Annotator "RC"]
[PlyCount "117"]
[EventDate "2024.01.20"]
[EventType "swiss"]
[EventCountry "IND"]
[SourceTitle "playchess.com"]
[Source "ChessBase"]
[SourceQuality "1"]
[TimeControl "5400+30"]

1. d4 d5 2. c4 c6 3. Nf3 Nf6 4. e3 Bg4 5. h3 Bh5 6. Nc3 e6 7. g4 Bg6 8. Ne5 Nbd7 9. Nxg6 hxg6 10. a3 Be7 11. Bd2 g5 12. Qf3 O-O 13. h4 gxh4 14. Rxh4 g5 15. Rh1 Kg7 16. O-O-O Qc7 17. e4 Nxe4 18. Nxe4 dxe4 19. Qxe4 Rh8 20. Bd3 Nf6 21. Qg2 Rxh1 22. Rxh1 Rh8 23. Rxh8 Kxh8 24. Bxg5 Kg7 25. Be3 Bd6 26. g5 Ng8 27. Qe4 Kf8 28. g6 Qe7 29. c5 Bc7 30. Bc4 Nf6 31. Bh6+ Ke8 32. gxf7+ Kxf7 33. Qf5 Qd7 34. Bg5 Qxd4 35. Bxe6+ Kg7 36. Be3 Qh4 37. Ba2 Qh1+ 38. Kd2 Qe4 39. Qxe4 Nxe4+ 40. Kd3 Nf6 41. Be6 b6 42. Bc8 Kf7 43. Bb7 Nd7 44. cxb6 axb6 45. b4 Ne5+ 46. Kc3 Ke6 47. f4 Ng6 48. Bxc6 Nxf4 49. Kc4 Ng6 50. Kb5 Ne5 51. a4 Kd6 52. Be4 Nd7 53. Bf5 Bd8 54. Bxd7 Kxd7 55. Bxb6 Be7 56. Bc5 Bg5 57. Kb6 Kc8 58. Bd6 Be3+ 59. Kc6 1-0

[Event "1st Bangalore GM-Open-A 2024"]
[Site "Bangalore"]
[Date "2024.01.19"]
[Round "3.22"]
[White "Ratnakaran, K.."]
[Black "Srihari L R"]
[Result "0-1"]
[ECO "B11"]
[WhiteElo "2256"]
[BlackElo "2469"]
[Annotator "RC"]
[PlyCount "90"]
[EventDate "2024.01.20"]
[EventType "swiss"]
[EventCountry "IND"]
[SourceTitle "playchess.com"]
[Source "ChessBase"]
[SourceQuality "1"]
[TimeControl "5400+30"]

1. e4 c6 2. Nc3 d5 3. Nf3 Bg4 4. h3 Bxf3 5. Qxf3 e6 6. Qg3 Ne7 7. d3 Nd7 8. h4 h5 9. f4 g6 10. Be2 Qb6 11. a4 a5 12. Bd2 Bg7 13. Nd1 dxe4 14. dxe4 Bd4 15. Be3 Nf6 16. Bxd4 Qxd4 17. Qc3 O-O-O 18. e5 Ne4 19. Qxd4 Rxd4 20. c3 Ng3 21. Rh3 Nxe2 22. cxd4 Nxf4 23. Rf3 Nxg2+ 24. Kf2 Nxh4 25. Rxf7 Nhf5 26. Nc3 g5 27. Rg1 g4 28. Ne2 Nd5 29. Ng3 Nh6 30. Rg7 h4 31. Ne4 g3+ 32. Ke2 Nf5 33. Nd6+ Nxd6 34. exd6 g2 35. R1xg2 Nf4+ 36. Kf3 Nxg2 37. Kxg2 h3+ 38. Kh2 Rh4 39. Rc7+ Kb8 40. Rd7 Ka7 41. Rd8 Rxd4 42. Kxh3 Rxa4 43. Re8 Rd4 44. Rxe6 Kb6 45. Kg3 c5 0-1

[Event "1st Bangalore GM-Open-A 2024"]
[Site "Bangalore"]
[Date "2024.01.19"]
[Round "3.23"]
[White "Rajarishi Karthi"]
[Black "Stany, G.A."]
[Result "1/2-1/2"]
[ECO "D35"]
[WhiteElo "2183"]
[BlackElo "2459"]
[Annotator "RC"]
[PlyCount "107"]
[EventDate "2024.01.20"]
[EventType "swiss"]
[EventCountry "IND"]
[SourceTitle "playchess.com"]
[Source "ChessBase"]
[SourceQuality "1"]
[TimeControl "5400+30"]

1. d4 d5 2. c4 c6 3. Nc3 Nf6 4. Nf3 e6 5. cxd5 exd5 6. Bg5 h6 7. Bh4 Bf5 8. e3 Nbd7 9. Bd3 Bxd3 10. Qxd3 Be7 11. O-O O-O 12. Nd2 Re8 13. f4 Ng4 14. Bxe7 Rxe7 15. Rae1 Qb6 16. h3 Ngf6 17. b3 Rae8 18. Kh2 Nb8 19. e4 dxe4 20. Ncxe4 Nd5 21. f5 Nd7 22. Nc4 Qc7+ 23. Kg1 N7f6 24. Nxf6+ Nxf6 25. Re5 Rd8 26. Rfe1 Red7 27. Qe3 Rxd4 28. Re7 Qc8 29. Qf2 Rd1 30. Qxa7 b5 31. Na5 c5 32. Qb7 Qxf5 33. Qxb5 R8d2 34. Qf1 Qd5 35. a4 Qd4+ 36. Kh1 Rxe1 37. Rxe1 Ne4 38. Qf3 f5 39. Qe3 Qd7 40. Qf3 Qc7 41. Nc4 Rd3 42. Ne3 Rxb3 43. Kg1 Qa5 44. Rd1 c4 45. Qxf5 Qxf5 46. Nxf5 c3 47. Ne3 Ra3 48. Rd4 Ra1+ 49. Kh2 Nc5 50. a5 Rxa5 51. Rc4 Na4 52. Nd1 Rc5 53. Rxc5 Nxc5 54. Nxc3 1/2-1/2

[Event "1st Bangalore GM-Open-A 2024"]
[Site "Bangalore"]
[Date "2024.01.19"]
[Round "3.24"]
[White "Vijayakumar, Rishi"]
[Black "Vishnu Prasanna. V"]
[Result "1/2-1/2"]
[ECO "E16"]
[WhiteElo "2104"]
[BlackElo "2413"]
[Annotator "RC"]
[PlyCount "70"]
[EventDate "2024.01.20"]
[EventType "swiss"]
[EventCountry "IND"]
[SourceTitle "playchess.com"]
[Source "ChessBase"]
[SourceQuality "1"]
[TimeControl "5400+30"]

1. d4 Nf6 2. c4 e6 3. Nf3 b6 4. g3 Bb4+ 5. Bd2 Be7 6. Bg2 Bb7 7. O-O O-O 8. Nc3 Na6 9. Re1 c5 10. e4 cxd4 11. Nxd4 Nc5 12. Qe2 Qc8 13. b4 Na6 14. a3 Rd8 15. Rad1 d6 16. Bh3 Nc7 17. Nd5 Re8 18. Nxe7+ Rxe7 19. Bg5 Nce8 20. Nb5 Rd7 21. Bxf6 gxf6 22. Rc1 Qd8 23. Nd4 Ng7 24. Red1 Rc8 25. Rd2 d5 26. exd5 Bxd5 27. Nb3 Bc6 28. Rcd1 Rxd2 29. Rxd2 Qc7 30. Nd4 Ba4 31. Bf1 Bd7 32. Nb5 Bxb5 33. cxb5 f5 34. Qd3 Ne8 35. Qe3 Ng7 1/2-1/2

[Event "1st Bangalore GM-Open-A 2024"]
[Site "Bangalore"]
[Date "2024.01.19"]
[Round "3.25"]
[White "Simhadri Sai Hrushikesh"]
[Black "Panda Sambit"]
[Result "1/2-1/2"]
[ECO "B12"]
[WhiteElo "2050"]
[BlackElo "2404"]
[Annotator "RC"]
[PlyCount "183"]
[EventDate "2024.01.20"]
[EventType "swiss"]
[EventCountry "IND"]
[SourceTitle "playchess.com"]
[Source "ChessBase"]
[SourceQuality "1"]
[TimeControl "5400+30"]

1. e4 c6 2. d4 d5 3. e5 c5 4. dxc5 e6 5. Be3 Nd7 6. Bb5 Ne7 7. c3 a6 8. Ba4 Nf5 9. Bd4 Be7 10. Nf3 O-O 11. O-O Nxc5 12. Bc2 Nxd4 13. cxd4 Nd7 14. a3 Nb6 15. Bd3 Bd7 16. Qe2 Rc8 17. b3 a5 18. Nbd2 a4 19. b4 Rc3 20. h3 Nc8 21. Nb1 Rc7 22. Ra2 Na7 23. Rc2 Rxc2 24. Qxc2 h6 25. Rc1 Bc6 26. Nc3 Qd7 27. Qb2 Rc8 28. Rc2 b5 29. Qc1 Qb7 30. Ne2 Bd7 31. Rxc8+ Nxc8 32. Nc3 Qc7 33. Qd2 Na7 34. Kf1 Kf8 35. Na2 Ke8 36. Ke1 Kd8 37. Kd1 Kc8 38. Qf4 Be8 39. Qg4 Bf8 40. Ne1 Kb7 41. Qe2 Kb6 42. Nc2 Nc8 43. Kd2 Na7 44. Kc1 g5 45. Kb2 Bg7 46. g3 f6 47. exf6 Bxf6 48. Qxe6+ Qc6 49. Qe3 Bd7 50. Nc3 Qe6 51. Qf3 Bc6 52. g4 Qd6 53. Qf5 Kb7 54. Qh7+ Kb6 55. Qxh6 Qf4 56. Bf5 Bxd4 57. Nxd4 Qxd4 58. Qxg5 Qxf2+ 59. Bc2 Qd4 60. Qd8+ Ka6 61. Qd6 Qc4 62. Qc5 d4 63. Nxa4 Nc8 64. Qxc4 bxc4 65. Nc5+ Kb6 66. g5 Ne7 67. h4 Bf3 68. Nd7+ Kc7 69. Ne5 Be2 70. Kc1 Kd6 71. Kd2 Bf1 72. Nf3 d3 73. Bb1 Nd5 74. g6 c3+ 75. Kc1 Be2 76. g7 Nf6 77. Nd2 Kd5 78. h5 Kd4 79. Nb3+ Kc4 80. Bxd3+ Bxd3 81. Nc5 Bh7 82. h6 Ng4 83. Ne4 Bg8 84. b5 Kxb5 85. Nxc3+ Kc4 86. Ne4 Kb3 87. Kd2 Kxa3 88. Ke2 Nxh6 89. Nf6 Bc4+ 90. Kf3 Nf5 91. g8=Q Bxg8 92. Nxg8 1/2-1/2

[Event "1st Bangalore GM-Open-A 2024"]
[Site "Bangalore"]
[Date "2024.01.19"]
[Round "3.26"]
[White "Ritviz, Parab"]
[Black "Jai Sankar Subramanian"]
[Result "1-0"]
[ECO "C00"]
[WhiteElo "2391"]
[BlackElo "2025"]
[Annotator "RC"]
[PlyCount "77"]
[EventDate "2024.01.20"]
[EventType "swiss"]
[EventCountry "IND"]
[SourceTitle "playchess.com"]
[Source "ChessBase"]
[SourceQuality "1"]
[TimeControl "5400+30"]

1. g3 c5 2. Bg2 Nc6 3. e4 e6 4. d3 d5 5. Nd2 Nf6 6. Ngf3 Be7 7. O-O O-O 8. Re1 Qc7 9. Qe2 b5 10. e5 Nd7 11. Nf1 a5 12. Bf4 b4 13. Ne3 Ba6 14. Nxd5 exd5 15. e6 Bd6 16. Bxd6 Qxd6 17. exd7 Qxd7 18. Qe3 Qd6 19. d4 c4 20. Ne5 Rad8 21. a3 Bc8 22. Qd2 Bf5 23. Nxc6 Qxc6 24. axb4 axb4 25. c3 b3 26. Re5 Be6 27. Rae1 Rfe8 28. Qe2 Kf8 29. f4 g6 30. g4 Qc8 31. h3 Rd6 32. f5 Bd7 33. Qe3 Rd8 34. Rxd5 Rf6 35. Qe7+ Kg7 36. Re6 Rxe6 37. fxe6 Qa6 38. Qxf7+ Kh6 39. Rh5+ 1-0

[Event "1st Bangalore GM-Open-A 2024"]
[Site "Bangalore"]
[Date "2024.01.19"]
[Round "3.27"]
[White "Dhrupad Kashyap"]
[Black "Audi Ameya"]
[Result "0-1"]
[ECO "E65"]
[WhiteElo "1998"]
[BlackElo "2385"]
[Annotator "RC"]
[PlyCount "104"]
[EventDate "2024.01.20"]
[EventType "swiss"]
[EventCountry "IND"]
[SourceTitle "playchess.com"]
[Source "ChessBase"]
[SourceQuality "1"]
[TimeControl "5400+30"]

1. Nf3 Nf6 2. c4 g6 3. d4 Bg7 4. g3 O-O 5. Bg2 c5 6. O-O d6 7. Nc3 Nc6 8. dxc5 dxc5 9. Bf4 Nh5 10. Be3 b6 11. Qa4 Bb7 12. Rfd1 Qe8 13. Nd5 Rd8 14. Qc2 e6 15. Nc3 Nd4 16. Nxd4 Bxg2 17. Nxe6 Qxe6 18. Kxg2 Qxc4 19. Qb3 Qg4 20. h3 Qc8 21. Qc4 Rfe8 22. a4 Be5 23. Bg5 Rd4 24. Rxd4 cxd4 25. Qxc8 Rxc8 26. Nb5 f6 27. Rc1 Re8 28. g4 fxg5 29. gxh5 a6 30. Na7 gxh5 31. Rc8 Kf7 32. Rxe8 Kxe8 33. Nc6 d3 34. exd3 Bxb2 35. f4 Kd7 36. Nb4 a5 37. Nc2 gxf4 38. Kf3 Be5 39. Ke4 Bb8 40. Nd4 Kd6 41. Nb3 Kc6 42. Nd4+ Kc5 43. Nc2 b5 44. d4+ Kb6 45. axb5 Kxb5 46. Kd3 a4 47. d5 Kc5 48. Ke4 Kc4 49. Na3+ Kb3 50. Nb5 a3 51. d6 Bxd6 52. Nxa3 Kxa3 0-1

[Event "1st Bangalore GM-Open-A 2024"]
[Site "Bangalore"]
[Date "2024.01.19"]
[Round "3.28"]
[White "Kushagra Mohan"]
[Black "Bhosale Shriraj"]
[Result "1-0"]
[ECO "B12"]
[WhiteElo "2374"]
[BlackElo "1946"]
[Annotator "RC"]
[PlyCount "88"]
[EventDate "2024.01.20"]
[EventType "swiss"]
[EventCountry "IND"]
[SourceTitle "playchess.com"]
[Source "ChessBase"]
[SourceQuality "1"]
[TimeControl "5400+30"]

1. e4 c6 2. d4 d5 3. e5 c5 4. c3 Nc6 5. Be2 cxd4 6. cxd4 e6 7. Nf3 Nge7 8. Na3 Nf5 9. Nc2 Be7 10. O-O Bd7 11. Bd3 h5 12. Qd2 Rg8 13. Bxf5 exf5 14. Ne3 Be6 15. Qd3 Qd7 16. h4 f4 17. Nd1 Bf5 18. Qd2 Be4 19. Qxf4 Qg4 20. Nc3 Qxf4 21. Bxf4 Bxf3 22. gxf3 g5 23. Be3 gxh4+ 24. Kh2 O-O-O 25. Rg1 Rg6 26. f4 Bb4 27. f5 Rg4 28. Ne2 Ne7 29. a3 Ba5 30. Bg5 Nxf5 31. Bxd8 Kxd8 32. f3 Rxg1 33. Rxg1 Bb6 34. Rg8+ Kd7 35. Rb8 Nxd4 36. Rxb7+ Ke6 37. Rxb6+ axb6 38. Nxd4+ Kxe5 39. Nc6+ Kf4 40. a4 Kxf3 41. b4 Ke4 42. a5 bxa5 43. bxa5 d4 44. Nxd4 Kd5 1-0

[Event "1st Bangalore GM-Open-A 2024"]
[Site "Bangalore"]
[Date "2024.01.19"]
[Round "3.29"]
[White "Pattnayak Nilsu"]
[Black "Gonzales, Jayson"]
[Result "1-0"]
[ECO "B06"]
[WhiteElo "1987"]
[BlackElo "2367"]
[Annotator "RC"]
[PlyCount "67"]
[EventDate "2024.01.20"]
[EventType "swiss"]
[EventCountry "IND"]
[SourceTitle "playchess.com"]
[Source "ChessBase"]
[SourceQuality "1"]
[TimeControl "5400+30"]

1. e4 g6 2. d4 Bg7 3. f4 d5 4. e5 f6 5. Nf3 Nh6 6. Bd3 Bg4 7. O-O O-O 8. Be3 c5 9. dxc5 fxe5 10. fxe5 Nf7 11. Nbd2 Nxe5 12. Be2 Nf7 13. h3 Bxf3 14. Nxf3 Nc6 15. c3 e6 16. Nd4 Qe7 17. Bg4 Ncd8 18. Qd2 h5 19. Be2 Nc6 20. Rae1 e5 21. Nf3 Rad8 22. Kh1 Kh7 23. b4 e4 24. Ng5+ Nxg5 25. Bxg5 Bf6 26. Bxf6 Rxf6 27. Rxf6 Qxf6 28. Rf1 Qe7 29. b5 Ne5 30. Qd4 Kh6 31. a4 Kh7 32. Rb1 Kh6 33. a5 Rc8 34. a6 1-0